Map: Chantier naval orbital

Players

Worming

  • Race: Zerg Zerg
  • League: Diamond

NinjaNymo

  • Race: Zerg Zerg
  • League: Gold

Gommedor

  • Race: Terran Terran

Erco

  • Race: Terran Terran

VOD

Have the link to the VOD?

Description

Time

  • Played on: Nov. 17, 2015, 12:09 p.m.
  • Length: 5:32
Show
View Real Time Build Order
Export as new Build Order

Worming Zerg 

Build Orders: Hatch First 

Get SALT Encoding   

  12  0:03  Drone  
  13  0:12  Overlord  
  13  0:17  Drone  
  14  0:31  Drone x2  
  16  0:37  Drone  
  17  0:52  Hatchery  
  17  0:56  Drone  
  17  1:03  Drone, Extractor  
  17  1:17  Spawning Pool  
  17  1:18  Drone  
  17  1:20  Drone  
  18  1:32  Drone  
  19  1:40  Drone  
  20  1:51  Overlord  
  20  2:04  Queen  
  20  2:05  Queen  
  20  2:07  Metabolic Boost  
  24  2:09  Zergling x4  
  26  2:17  Drone  
  26  2:18  Drone  
  28  2:36  Drone  
  28  2:37  Overlord  
  29  2:38  Drone  
  29  2:43  Queen  
  32  2:45  Drone x2  
  32  2:49  Drone  
  35  2:53  Roach Warren  
  35  2:57  Drone  
  35  2:58  Drone  
  36  3:06  Overlord  
  36  3:16  Overlord  
  36  3:17  Overlord  
  36  3:18  Spine Crawler  
  35  3:26  Drone x4  
  38  3:36  Roach x3  
  38  3:39  Roach  
  46  3:52  Roach x4  
  46  3:53  Roach  
  56  3:56  Overlord  
  56  4:09  Zergling x4  
  58  4:10  Zergling x6  
  61  4:20  Ravager, Overlord  
  61  4:22  Drone  
  63  4:26  Extractor  
  63  4:27  Drone x3  
  62  4:43  Zergling x2  
  62  4:44  Zergling x6  
  65  4:48  Overlord  
  65  4:49  Roach  
  67  4:55  Ravager  
  67  5:16  Drone x8  
  67  5:19  Extractor x2  
  67  5:20  Hatchery  
Show
View Real Time Build Order
Export as new Build Order

NinjaNymo Zerg 

Build Orders:  

Get SALT Encoding   

  12  0:01  SCV  
  13  0:13  SCV  
  14  0:19  Supply Depot  
  14  0:25  SCV  
  15  0:41  SCV  
  16  0:45  Barracks  
  16  0:53  SCV  
  16  0:56  Supply Depot  
  17  1:04  Refinery  
  17  1:05  SCV  
  19  1:18  SCV  
  19  1:34  Orbital Command  
  19  1:47  Barracks Tech Lab  
  19  1:49  Refinery  
  19  1:52  Barracks  
  19  1:54  Barracks  
  19  2:02  SCV  
  19  2:08  Marine  
  21  2:16  SCV  
  21  2:18  Stimpack  
  22  2:26  Marauder  
  22  2:28  SCV  
  25  2:34  Supply Depot  
  25  2:40  Barracks Reactor, SCV  
  25  2:41  Barracks Reactor  
  26  2:50  Marauder  
  28  3:00  Supply Depot  
  28  3:11  Marauder  
  30  3:17  Marine x3  
  30  3:18  Marine  
  34  3:34  Marine  
  34  3:35  Marine x3  
  34  3:39  Marauder  
  40  3:44  Supply Depot  
  40  3:52  Marine x2  
  40  3:53  Marine x2  
  44  4:00  Marauder  
  46  4:19  Command Center  
  46  4:21  Marauder  
  48  4:27  Marine x3  
  40  4:50  Engineering Bay  
  40  4:52  Engineering Bay  
  28  5:08  Marauder  
  28  5:10  Marine x4  
Show
View Real Time Build Order
Export as new Build Order

Gommedor Terran 

Build Orders:  

Get SALT Encoding   

Show
View Real Time Build Order
Export as new Build Order

Erco Terran 

Build Orders:  

Get SALT Encoding   

Tags
 
Add a new tag
Caveats
  • Supply blocks, unpowered buildings, or Contaminate may cause inaccurate times.
  • Supply counts are checked every 10 seconds.